 Dungeon Crawl Stone Soup version 0.30-a0-414-gcb316572d5 (webtiles) character file.

Game seed: 16942686496743455243

31 McMuffin the Trooper (level 3, -1/29 HPs)
             Began as a Demonspawn Chaos Knight on Dec 8, 2022.
             Was a Plaything of Xom.
             Slain by a gnoll
             ... wielding a +0 flail
              (8 damage)
             ... on level 2 of the Dungeon.
             The game lasted 00:04:43 (246 turns).

McMuffin the Trooper (Demonspawn Chaos Knight)       Turns: 246, Time: 00:04:44

Health: -1/29      AC:  5    Str: 14    XL:     3   Next: 7%
Magic:  3/3        EV: 11    Int: 13    God:    Xom [..*...]
Gold:   57         SH:  0    Dex: 12    Spells: 2/2 levels left

rFire   . . .      SeeInvis .    a - +0 mace (chaos)
rCold   . . .      Faith    .    (no shield)
rNeg    . . .      Spirit   .    b - +2 leather armour
rPois   .          Reflect  .    (no helmet)
rElec   .          Harm     .    (no cloak)
rCorr   .          Rampage  .    (no gloves)
Will    .....                    (no boots)
Stlth   +.........               (no amulet)
HPRegen 0.24/turn                (no ring)
MPRegen 0.08/turn                (no ring)

@: no status effects
A: claws 1, demonic magic 1
a: Renounce Religion


You were on level 2 of the Dungeon.
You worshipped Xom.
You were a toy of Xom.
You visited 1 branch of the dungeon, and saw 2 of its levels.

You collected 57 gold pieces.

Inventory:

Hand Weapons
 a - a +0 mace of chaos (weapon)
Armour
 b - a +2 leather armour (worn)
Scrolls
 d - a scroll of teleportation {unknown}
 e - a scroll of identify {unknown}
Potions
 f - a potion of curing {unknown}
Miscellaneous
 c - a piece from Xom's chessboard (15/15) (quivered)


   Skills:
 + Level 3.4 Fighting
 + Level 3.1 Maces & Flails
 + Level 2.0 Armour
 + Level 1.2 Dodging
 + Level 0.1 Stealth


You had 2 spell levels left.
You didn't know any spells.
Your spell library was empty.

Dungeon Overview and Level Annotations

Branches:
Dungeon (2/15)

Altars:


Innate Abilities, Weirdness & Mutations

You have sharp fingernails.
Spells you cast may paralyse adjacent enemies.


Message History

The gnoll is moderately wounded.
The gnoll closely misses you.
You hit the gnoll. You freeze the gnoll.
The gnoll is heavily wounded.
The gnoll barely misses you.
You hit the gnoll. You freeze the gnoll.
You kill the gnoll!
Your Maces & Flails skill increases to level 3!
You hit the gnoll but do no damage.
The gnoll suddenly stops moving!
The helpless gnoll fails to defend itself.
You hit the gnoll.
The gnoll suddenly seems more agile.
The gnoll is moderately wounded.
The helpless gnoll fails to defend itself.
You hit the gnoll. You burn the gnoll.
The gnoll is heavily wounded.
The helpless gnoll fails to defend itself.
You hit the gnoll. You freeze the gnoll.
The gnoll is severely wounded.
The helpless gnoll fails to defend itself.
You sock the gnoll!
You kill the gnoll!
The gnoll barely misses you.
Your Armour skill increases to level 2!
You have reached level 3!
Your experience leads to an increase in your attributes!
Increase (S)trength, (I)ntelligence, or (D)exterity?
You feel stronger. x2; Your demonic ancestry asserts itself...
Your fingernails lengthen.
You completely miss the gnoll.
The gnoll is moderately wounded.
The gnoll hits you with a +0 flail.
You hit the gnoll but do no damage.
The gnoll is moderately wounded.
The gnoll hits you with a +0 flail!
* * * LOW HITPOINT WARNING * * *
Okay, then.
You hit the gnoll. You burn the gnoll.
The gnoll is severely wounded.
The gnoll hits you with a +0 flail!
You die...

#.####...## #.#
#.### #.# #.#
#.# #.#
#.#####.####.#
#............#
#######.##.###
#.##.# #.##@#
#.##g#######
#.##r.......
...............
########.##.r..
.. ... ### .. .


You could see a gnoll and a rat.

Vanquished Creatures
  2 gnolls (D:2)
  An endoplasm (D:1)
  2 hobgoblins
  3 ball pythons
  4 frilled lizards
  A kobold (D:1)
  A rat (D:1)
14 creatures vanquished.

Notes
Turn   | Place    | Note
-------+----------+-------------------------------------------
     0 | D:1      | McMuffin the Demonspawn Chaos Knight began the quest for
                  | the Orb.
     0 | D:1      | Reached XP level 1. HP: 18/18 MP: 1/1
   184 | D:2      | Gained mutation: Spells you cast may paralyse adjacent
                  | enemies. [demonic ancestry]
   184 | D:2      | Reached XP level 2. HP: 24/24 MP: 2/2
   188 | D:2      | Reached skill level 1 in Dodging
   244 | D:2      | Gained mutation: You have sharp fingernails. [demonic
                  | ancestry]
   244 | D:2      | Reached XP level 3. HP: 21/29 MP: 3/3
   246 | D:2      | Slain by a gnoll

Illustrated notes

Levels and vault maps discovered:
D:1:      minmay_arrival_shattered_statue, layout_basic, roderic_filled_cross
D:2:      layout_loops_ring, nrook_mini_vaults, grunt_decor_mini_mirrors,
          nicolae_figureground_pulse

Skill      XL: |  1  2 |
---------------+-------+-----
Dodging        | 1 |  1.2
Maces & Flails | 3 |  3.1
Armour         | 2 |  2.0
Fighting       | |  3.4
Stealth        | |  0.1

Action                   || total
-------------------------++-------
Melee: Mace              ||    45
 Stab: Paralysed         ||     4
Armor: Leather armour    ||     9
Dodge: Dodged            ||    22

Table legend: (Time is in decaauts)
 A = Elapsed time spent in this place.
 B = Non-inter-level travel time spent in this place.
 C = Inter-level travel time spent in this place.
 D = Time resting spent in this place.
 E = Time spent auto-exploring this place.
 F = Levels seen in this place.
 G = Mean time per level.
                   A        B        C        D        E       F      G
               +--------+--------+--------+--------+--------+-----+--------+
         Total |    257 |    257 |      0 |      0 |      0 |   2 |  128.5 |
       Dungeon |    257 |    257 |      0 |      0 |      0 |   2 |  128.5 |
               +--------+--------+--------+--------+--------+-----+--------+

Top non-repeatable levels by time:
     D:1: 148 daAuts
     D:2: 109 daAuts
